[Event "Titled Tuesday Blitz October 11 Early 2022"]
[White "Koziorowicz, Michal"]
[Black "Sarana, Alexey"]
[WhiteFideId "21809194"]
[BlackFideId "24133795"]
[WhiteElo "2220"]
[BlackElo "2689"]
[Result "0-1"]
[Round "09"]
[TimeControl "180+1"]
[Date "2022.10.11"]
[WhiteClock "0:00:16"]
[BlackClock "0:00:09"]

1. e4 c5 2. Nf3 d6 3. Bb5+ Nd7 4. d4 cxd4 5. Qxd4 a6 6. Bxd7+ Bxd7 7. Nc3 e5 8. Qd3 Rc8 9. O-O Be6 10. Rd1 Be7 11. Nd5 Bxd5 12. exd5 Qc7 13. c3 Nf6 14. Nxe5 dxe5 15. d6 Bxd6 16. Qxd6 Qxd6 17. Rxd6 Ne4 18. Rb6 Rc7 19. Be3 Ke7 20. Re1 Nd6 21. Bg5+ f6 22. Rxe5+ Kd7 23. Rd5 Rc6 24. Be3 Rxb6 25. Bxb6 Kc6 26. Rd4 Re8 27. Kf1 Re5 28. Ba7 Re6 29. a4 b6 30. Bb8 Nf5 31. Rc4+ Kb7 32. Bf4 Re7 33. f3 h5 34. Kf2 Rd7 35. g4 hxg4 36. fxg4 Ne7 37. Rd4 Rxd4 38. cxd4 Kc6 39. Ke3 Kd5 40. Kd3 Nc6 41. Be3 Nb4+ 42. Kc3 Nc6 43. Bg1 Ne7 44. Kd3 Ng6 45. Be3 Ne7 46. h3 Nc6 47. Bf2 b5 48. axb5 axb5 49. h4 Nb4+ 50. Kc3 Nc6 51. h5 Ke4 52. Bh4 Ne7 53. Kb4 Kf4 54. h6 gxh6 55. Bxf6 Nd5+ 56. Kxb5 Nxf6 57. Kc4 Nxg4 58. b4 Nf6 59. b5 h5 60. Kd3 h4 61. Ke2 Nd5 62. Kf1 Kg3 63. Kg1 h3 64. Kh1 Nb6 65. d5 Nxd5 66. Kg1 Kg4 67. Kh2 Kh4 68. Kh1 Kg3 69. Kg1 h2+ 70. Kh1 Nf4 71. b6 Nh3 72. b7 Nf2# 0-1


[Site "https://www.chess.com"]

[Event "Titled Tuesday Blitz October 11 Early 2022"]
[White "Kuchava, Ana"]
[Black "Zaloznyy, Mike"]
[WhiteFideId "13605348"]
[BlackFideId "2023075"]
[WhiteElo "2001"]
[BlackElo "2126"]
[Result "1/2-1/2"]
[Round "09"]
[TimeControl "180+1"]
[Date "2022.10.12"]
[WhiteClock "0:00:26"]
[BlackClock "0:00:12"]

1. d4 Nf6 2. Nf3 e6 3. c4 b6 4. a3 d5 5. cxd5 Nxd5 6. e3 Be7 7. Nc3 Nxc3 8. bxc3 Bb7 9. Bd3 c5 10. O-O O-O 11. Qe2 cxd4 12. cxd4 Nc6 13. Bb2 Rc8 14. Rac1 Na5 15. Ne5 Qd5 16. f3 Bf6 17. Be4 Qd6 18. Bxb7 Nxb7 19. Qa6 Bxe5 20. dxe5 Qb8 21. Rxc8 Rxc8 22. Rd1 h6 23. Bd4 Nc5 24. Qb5 Rd8 25. Rb1 Qc7 26. a4 Qd7 27. Bxc5 bxc5 28. Qxd7 Rxd7 29. Rb8+ Kh7 30. Rc8 Rd5 31. Rc7 Rxe5 32. Kf2 Kg6 33. Rxa7 Rd5 34. Rc7 Rd2+ 35. Kg3 Ra2 36. Rxc5 Rxa4 37. e4 f6 38. Rc7 e5 39. h4 h5 40. Rd7 Ra3 41. Rc7 Rb3 42. Rd7 Ra3 1/2-1/2


[Site "https://www.chess.com"]

[Event "Titled Tuesday Blitz October 11 Early 2022"]
[White "Kuznetsova, Olga"]
[Black "Begunov, Konstantin"]
[WhiteFideId "4191323"]
[BlackFideId "4118510"]
[WhiteElo "2134"]
[BlackElo "2225"]
[Result "1-0"]
[Round "09"]
[TimeControl "180+1"]
[Date "2022.10.12"]
[WhiteClock "0:00:24"]
[BlackClock "0:00:03"]

1. d4 d5 2. Bf4 c6 3. e3 Qb6 4. b3 Bf5 5. Bd3 Bxd3 6. Qxd3 e6 7. Nd2 Nf6 8. Ngf3 Be7 9. O-O O-O 10. h3 c5 11. c4 Nc6 12. dxc5 Bxc5 13. Rac1 Rfd8 14. Qe2 Ba3 15. Rcd1 Qa6 16. Ne5 Nxe5 17. Bxe5 Be7 18. a4 Nd7 19. Bc3 Nc5 20. Qg4 Bf8 21. cxd5 Rxd5 22. Ne4 Nxe4 23. Qxe4 Rad8 24. Rxd5 Rxd5 25. Bd4 Qa5 26. Rc1 Qb4 27. Rc8 Rf5 28. Qg4 Qe1+ 29. Kh2 g5 30. e4 Ra5 31. e5 Rd5 32. Qxg5+ Kh8 33. Rxf8# 1-0


[Site "https://www.chess.com"]

[Event "Titled Tuesday Blitz October 11 Early 2022"]
[White "Lakshmi C"]
[Black "Hajiyev, Kanan"]
[WhiteFideId "25035347"]
[BlackFideId "13404148"]
[WhiteElo "1865"]
[BlackElo "2118"]
[Result "0-1"]
[Round "09"]
[TimeControl "180+1"]
[Date "2022.10.12"]
[WhiteClock "0:00:02"]
[BlackClock "0:01:27"]

1. e4 c6 2. Nc3 d5 3. Nf3 a6 4. d4 Bg4 5. h3 Bh5 6. exd5 cxd5 7. Be2 Nc6 8. Bf4 e6 9. O-O Bd6 10. Ne5 Bxe2 11. Nxe2 Qc7 12. Nxc6 bxc6 13. Bxd6 Qxd6 14. c4 Nf6 15. c5 Qb8 16. Qa4 Qb5 17. Nc3 Qxa4 18. Nxa4 Rb8 19. b3 Rb4 20. Rfd1 Kd7 21. Rd3 Kc7 22. a3 Rb5 23. b4 a5 24. Nc3 Rb7 25. Rb1 Rhb8 26. Na2 axb4 27. Nxb4 Ra8 28. Kf1 Ne4 29. Ke2 Ra4 30. f3 Ng3+ 31. Kf2 Nf5 32. g4 Ne7 33. Rdb3 Rba7 34. Nc2 Rc4 35. R1b2 f6 36. f4 e5 37. fxe5 fxe5 38. dxe5 Rxc5 39. Re3 Ra4 40. Nb4 Rb5 41. Rd2 Kd7 0-1


[Site "https://www.chess.com"]

[Event "Titled Tuesday Blitz October 11 Early 2022"]
[White "Lauridsen, Jesper Morch"]
[Black "Ziatdinov, Raset"]
[WhiteFideId "1401890"]
[BlackFideId "2015323"]
[WhiteElo "2188"]
[BlackElo "2220"]
[Result "0-1"]
[Round "09"]
[TimeControl "180+1"]
[Date "2022.10.12"]
[WhiteClock "0:00:03"]
[BlackClock "0:01:11"]

1. e4 c5 2. d4 cxd4 3. c3 Nf6 4. e5 Nd5 5. Nf3 Nc6 6. Bc4 Nb6 7. Bb3 d6 8. exd6 exd6 9. cxd4 Be7 10. Nc3 d5 11. Bf4 O-O 12. h3 Bf6 13. O-O Na5 14. Nb5 Nxb3 15. axb3 Bd7 16. Qd3 a6 17. Nc7 Rc8 18. Rac1 Bc6 19. Rfe1 Rxc7 20. Bxc7 Qxc7 21. Ne5 Bxe5 22. dxe5 Re8 23. f4 Nd7 24. Kh2 Qb6 25. f5 Nxe5 26. Qg3 f6 27. Rcd1 Rd8 28. Rd2 d4 29. Rxe5 fxe5 30. f6 Qc7 31. Rf2 Rf8 32. Qg5 e4+ 33. Kh1 e3 34. f7+ Kh8 35. Rf1 Qd7 36. Qc5 Qxh3+ 37. Kg1 Qxg2# 0-1


[Site "https://www.chess.com"]

[Event "Titled Tuesday Blitz October 11 Early 2022"]
[White "Le, Tuan Minh"]
[Black "Papasimakopoulos, Alexandros"]
[WhiteFideId "12401153"]
[BlackFideId "4244125"]
[WhiteElo "2530"]
[BlackElo "2357"]
[Result "0-1"]
[Round "09"]
[TimeControl "180+1"]
[Date "2022.10.11"]
[WhiteClock "0:00:13"]
[BlackClock "0:00:20"]

1. d4 e6 2. Nf3 Nf6 3. Bf4 c5 4. c3 Nc6 5. e3 d5 6. Nbd2 cxd4 7. exd4 Nh5 8. Be5 f6 9. Bg3 g6 10. Be2 Bd6 11. O-O Nf4 12. Re1 Nxe2+ 13. Qxe2 Kf7 14. c4 Bxg3 15. hxg3 dxc4 16. Nxc4 Nb4 17. Rac1 b6 18. a3 Nd5 19. Rc2 Re8 20. Qe4 Ba6 21. g4 Rc8 22. Rec1 Bxc4 23. Rxc4 Rxc4 24. Rxc4 h6 25. Nh4 Ne7 26. Qe3 g5 27. Nf3 Qd6 28. Qc1 Qd7 29. Nh2 Rc8 30. Nf1 Rxc4 31. Qxc4 Nd5 32. Ng3 Nf4 33. Nf5 Kg6 34. Ng3 Qd5 35. Qc2+ f5 36. gxf5+ exf5 37. f3 Qxd4+ 38. Kh2 Qf6 39. Qc8 Qe6 40. Qf8 h5 41. Nh1 Nd3 42. Qd8 Ne5 43. Nf2 Nc6 44. Qa8 h4 45. Nd3 Ne5 46. Nxe5+ Qxe5+ 47. Kh1 Qe1+ 48. Kh2 Qe7 49. Qc6+ Kf7 50. Kh1 Qe1+ 51. Kh2 Qe5+ 52. Kh1 Qxb2 53. Qd7+ Kg6 54. Qe6+ Qf6 55. Qg8+ Kh6 56. a4 a5 57. Qd5 g4 58. f4 h3 59. gxh3 gxh3 60. Kh2 Kh5 61. Qf3+ Kh6 62. Kxh3 Kg7 63. Kg2 Qg6+ 64. Kf1 Qf7 65. Qc6 Qf6 66. Qd7+ Kh6 67. Kg2 Qb2+ 68. Kh3 Qc3+ 69. Kg2 Qg7+ 70. Qxg7+ Kxg7 71. Kf3 Kf6 72. Ke3 Ke7 73. Kd4 Kd6 74. Kc4 Kc6 75. Kd4 b5 76. axb5+ Kxb5 77. Ke5 a4 78. Kxf5 a3 79. Kg6 a2 80. f5 a1=Q 81. f6 Qe5 0-1


[Site "https://www.chess.com"]

[Event "Titled Tuesday Blitz October 11 Early 2022"]
[White "Liu, Xiangyi"]
[Black "Moreno Perez, Tobias Sebastian"]
[WhiteFideId "8605718"]
[BlackFideId "186716"]
[WhiteElo "2323"]
[BlackElo "2474"]
[Result "1-0"]
[Round "09"]
[TimeControl "180+1"]
[Date "2022.10.12"]
[WhiteClock "0:02:42"]
[BlackClock "0:01:51"]

1. e4 c6 2. d4 d5 3. Nc3 dxe4 4. Nxe4 Nf6 5. Ng3 h5 6. h4 Bg4 7. Qd3 g6 8. Bg5 Bg7 9. f3 Be6 10. O-O-O Nbd7 11. N1e2 Qa5 12. a3 Nb6 13. Qc3 Qa4 14. Qc5 Nfd5 15. Nc3 1-0


[Site "https://www.chess.com"]

[Event "Titled Tuesday Blitz October 11 Early 2022"]
[White "Lopez, Henry"]
[Black "Lewtak, Damian"]
[WhiteFideId "5203830"]
[BlackFideId "1141724"]
[WhiteElo "2177"]
[BlackElo "2329"]
[Result "1-0"]
[Round "09"]
[TimeControl "180+1"]
[Date "2022.10.12"]
[WhiteClock "0:02:38"]
[BlackClock "0:02:23"]

1. d4 g6 2. Nf3 Bg7 3. c4 a6 4. Nc3 b5 5. cxb5 axb5 6. Nxb5 c6 7. Nc3 Nf6 8. e4 d5 9. e5 Ne4 10. Bd3 Bf5 11. O-O Nxc3 12. bxc3 Bxd3 13. Qxd3 O-O 14. a4 Nd7 15. h4 e6 16. h5 gxh5 17. Ng5 h6 18. Qh7# 1-0


[Site "https://www.chess.com"]

[Event "Titled Tuesday Blitz October 11 Early 2022"]
[White "Makhmudov, Shukhrat"]
[Black "Urbina Perez, Juan Antonio"]
[WhiteFideId "14200775"]
[BlackFideId "2217368"]
[WhiteElo "2135"]
[BlackElo "2197"]
[Result "0-1"]
[Round "09"]
[TimeControl "180+1"]
[Date "2022.10.12"]
[WhiteClock "0:00:09"]
[BlackClock "0:00:28"]

1. e4 c5 2. Nf3 e6 3. d4 cxd4 4. Nxd4 Bc5 5. Nc3 Qb6 6. Be3 Nc6 7. Na4 Qa5+ 8. c3 Nxd4 9. Bxd4 Bxd4 10. Qxd4 e5 11. Qd1 Nf6 12. Bd3 d6 13. b4 Qc7 14. Qd2 Bd7 15. Nb2 Rc8 16. c4 O-O 17. O-O b5 18. cxb5 Qb7 19. Qe2 Be6 20. a4 Rfd8 21. Rac1 d5 22. exd5 Bxd5 23. f3 Qe7 24. Rfd1 Bb3 25. Rxc8 Rxc8 26. Re1 Qxb4 27. Qxe5 Bxa4 28. Nxa4 Qxa4 29. Bf5 Rf8 30. Qc5 g6 31. Bc2 Qa5 32. Re7 Kg7 33. Qe5 Qd2 34. Bb3 Qc1+ 35. Kf2 Qd2+ 36. Kg3 h5 37. h4 Qd3 38. Ba2 Qc2 39. Bd5 Qc5 0-1


[Site "https://www.chess.com"]

[Event "Titled Tuesday Blitz October 11 Early 2022"]
[White "Makhnev, Denis"]
[Black "Hambleton, Aman"]
[WhiteFideId "13707647"]
[BlackFideId "2606577"]
[WhiteElo "2486"]
[BlackElo "2538"]
[Result "1-0"]
[Round "09"]
[TimeControl "180+1"]
[Date "2022.10.11"]
[WhiteClock "0:00:43"]
[BlackClock "0:00:02"]

1. d4 Nf6 2. c4 e6 3. Nf3 b6 4. g3 Ba6 5. Qb3 Nc6 6. Nbd2 Bb7 7. e4 d6 8. Bg2 e5 9. d5 Nb8 10. O-O g6 11. c5 Ba6 12. Qa4+ Nfd7 13. c6 Nc5 14. Qc2 Bd3 15. Qc3 Bxf1 16. Bxf1 a5 17. b3 Bg7 18. a3 O-O 19. b4 axb4 20. axb4 Na4 21. Qc2 b5 22. Bxb5 Nb6 23. Rxa8 Nxa8 24. Bd3 Qc8 25. b5 Nb6 26. Kg2 h6 27. Nh4 Kh7 28. Ndf3 Bf6 29. Be3 Kg7 30. h3 Rh8 31. Qd2 Na4 32. Qb4 Nb6 33. Qa5 Bd8 34. Qa7 Rf8 35. Qa3 N8d7 36. cxd7 Qxd7 37. Qc1 Rh8 38. Kh2 Be7 39. Ng2 Qd8 40. Qc6 Re8 41. Nd2 Rf8 42. Bxb6 cxb6 43. Nc4 f5 44. exf5 gxf5 45. Qxb6 f4 46. Qxd8 fxg3+ 47. fxg3 Rxd8 48. Nge3 Kf6 49. Na5 Ra8 50. Nc6 Ra2+ 51. Kg1 Ra1+ 52. Kf2 Ra2+ 53. Kf3 Bf8 54. b6 Rb2 55. Nc4 Rb3 56. Ke4 h5 57. h4 Bh6 58. N6a5 Rb4 59. Be2 Kg7 60. Bxh5 Bc1 61. Kd3 e4+ 62. Kxe4 Kf6 63. Kd3 Rb5 64. Bf3 Bh6 65. g4 Ke7 66. g5 Bg7 67. h5 Ba1 68. h6 Rb1 69. g6 Rg1 70. b7 1-0


[Site "https://www.chess.com"]

[Event "Titled Tuesday Blitz October 11 Early 2022"]
[White "Martin Carmona, Gaston Manuel"]
[Black "Hartikainen, Jarmo"]
[WhiteFideId "22284567"]
[BlackFideId "503134"]
[WhiteElo "2235"]
[BlackElo "2169"]
[Result "1-0"]
[Round "09"]
[TimeControl "180+1"]
[Date "2022.10.12"]
[WhiteClock "0:01:31"]
[BlackClock "0:00:23"]

1. d4 Nf6 2. Nf3 g6 3. c4 Bg7 4. Nc3 d5 5. cxd5 Nxd5 6. e4 Nxc3 7. bxc3 O-O 8. Be3 c5 9. Be2 Nd7 10. O-O b6 11. Qd2 e6 12. Rad1 cxd4 13. cxd4 Bb7 14. d5 exd5 15. exd5 Rc8 16. Bd4 Nf6 17. Bxf6 Qxf6 18. d6 Rfd8 19. Bb5 a6 20. Be2 Rc6 21. d7 Rc7 22. Qe3 Qe6 23. Qxe6 fxe6 24. Rd6 Rc6 25. Rfd1 Bf8 26. Rxc6 Bxc6 27. Bc4 Kf7 28. Ne5+ Kf6 29. Nxc6 Be7 30. Nxd8 Bxd8 31. Rd6 b5 32. Rxe6+ Kf5 33. Re8 1-0


[Site "https://www.chess.com"]

[Event "Titled Tuesday Blitz October 11 Early 2022"]
[White "Martinez Alcantara, Jose Eduardo"]
[Black "Weetik, Vjacheslav"]
[WhiteFideId "3805662"]
[BlackFideId "4153472"]
[WhiteElo "2703"]
[BlackElo "2469"]
[Result "0-1"]
[Round "09"]
[TimeControl "180+1"]
[Date "2022.10.11"]
[WhiteClock "0:00:13"]
[BlackClock "0:00:06"]

1. e4 c5 2. Nf3 Nc6 3. c3 Nf6 4. Bd3 d5 5. e5 c4 6. Bc2 Ng4 7. Qe2 Qc7 8. Ba4 f6 9. exf6 gxf6 10. d4 Bd7 11. b3 cxb3 12. Bxb3 O-O-O 13. h3 Nh6 14. Be3 Nf5 15. Nbd2 e6 16. c4 Kb8 17. cxd5 exd5 18. O-O Bc8 19. Rfc1 Rg8 20. Ba4 Nxe3 21. Qxe3 Bxh3 22. Ne1 Bf5 23. Nb3 Bd6 24. Qf3 Be4 25. Qh5 Rg5 26. Qh3 Rdg8 27. f3 Bf5 28. Qh6 Bg3 29. Nc2 Bf2+ 30. Kf1 Rxg2 31. Nc5 Rg1+ 32. Kxf2 Qg3+ 33. Ke2 Rg2+ 34. Kd1 Qxf3+ 35. Ke1 Qe2# 0-1


[Site "https://www.chess.com"]

[Event "Titled Tuesday Blitz October 11 Early 2022"]
[White "Matinian, Nikita"]
[Black "Di Nicolantonio, Lucas"]
[WhiteFideId "24129100"]
[BlackFideId "680460"]
[WhiteElo "2706"]
[BlackElo "2583"]
[Result "0-1"]
[Round "09"]
[TimeControl "180+1"]
[Date "2022.10.12"]
[WhiteClock "0:00:48"]
[BlackClock "0:00:39"]

1. e4 g6 2. d4 Bg7 3. Nc3 d6 4. g4 a6 5. Bg2 Nc6 6. Be3 e5 7. d5 Nd4 8. h3 h5 9. g5 c5 10. Nce2 h4 11. c3 Nxe2 12. Nxe2 Rh5 13. Qd2 Bd7 14. Bf3 Rh8 15. Bg4 Bxg4 16. hxg4 Qd7 17. f3 Ne7 18. Rh3 O-O-O 19. Bf2 f5 20. gxf6 Bxf6 21. b4 cxb4 22. cxb4 Kb8 23. Qe3 Nc8 24. Kf1 Rdf8 25. Kg2 Bd8 26. Rc1 Bc7 27. Rxh4 Rxh4 28. Bxh4 Rh8 29. Bg3 Qh7 30. Rxc7 Qxc7 31. Kf2 Rh1 32. f4 exf4 33. Bxf4 Qf7 34. Kg2 Qh7 35. e5 g5 36. exd6 gxf4 37. Qxf4 Qh3+ 38. Kf2 Rf1# 0-1


[Site "https://www.chess.com"]

[Event "Titled Tuesday Blitz October 11 Early 2022"]
[White "Migot, Tangi"]
[Black "Czernek, Tymon"]
[WhiteFideId "662445"]
[BlackFideId "1199510"]
[WhiteElo "2497"]
[BlackElo "2240"]
[Result "1-0"]
[Round "09"]
[TimeControl "180+1"]
[Date "2022.10.12"]
[WhiteClock "0:01:10"]
[BlackClock "0:00:58"]

1. e4 c5 2. Nf3 d6 3. Bb5+ Nd7 4. O-O Nf6 5. Re1 a6 6. Bf1 e5 7. c3 Be7 8. d4 cxd4 9. cxd4 O-O 10. Nc3 b5 11. a4 b4 12. Nb1 Bb7 13. Nbd2 Rc8 14. d5 Nc5 15. a5 Ne8 16. Nb3 f5 17. Nxc5 Rxc5 18. Be3 Rxa5 19. exf5 Rxd5 20. Bc4 Nc7 21. Bb6 Kh8 22. Bxd5 Bxd5 23. Bxc7 Qa8 24. Ra5 Bc6 25. Bxd6 Bxf3 26. Qxf3 Qxf3 27. gxf3 Bxd6 28. Rxa6 Bc7 29. Rc1 1-0


[Site "https://www.chess.com"]

[Event "Titled Tuesday Blitz October 11 Early 2022"]
[White "Mirzoev, Azer"]
[Black "Azarov, Sergei"]
[WhiteFideId "13400304"]
[BlackFideId "13501470"]
[WhiteElo "2525"]
[BlackElo "2494"]
[Result "0-1"]
[Round "09"]
[TimeControl "180+1"]
[Date "2022.10.12"]
[WhiteClock "0:02:32"]
[BlackClock "0:02:14"]

1. d4 Nf6 2. Nf3 e6 3. c4 b6 4. Nc3 Bb7 5. Bg5 h6 6. Bh4 g5 7. Bg3 Nh5 8. e3 Nxg3 9. hxg3 Bg7 10. Qc2 Nc6 11. O-O-O g4 12. Ne1 Qg5 13. a3 Nxd4 14. Qa4 Bc6 15. Qa6 Nb3+ 16. Kc2 Nc5 0-1


[Site "https://www.chess.com"]

[Event "Titled Tuesday Blitz October 11 Early 2022"]
[White "Mohammadian, Mohammad"]
[Black "Schut, Han"]
[WhiteFideId "12566055"]
[BlackFideId "1005561"]
[WhiteElo "1489"]
[BlackElo "2024"]
[Result "0-1"]
[Round "09"]
[TimeControl "180+1"]
[Date "2022.10.12"]
[WhiteClock "0:00:01"]
[BlackClock "0:00:16"]

1. e4 c5 2. Nf3 d6 3. d4 cxd4 4. Nxd4 Nf6 5. Nc3 a6 6. Be2 e5 7. Nb3 Be7 8. Be3 Be6 9. O-O Nbd7 10. f3 O-O 11. Qe1 Qc7 12. Rd1 Rac8 13. Qf2 b5 14. a3 Qb7 15. Rd2 d5 16. exd5 Bxd5 17. Nxd5 Nxd5 18. Kh1 Rfd8 19. Rfd1 Nxe3 20. Qxe3 Qc7 21. Qe4 Nf6 22. Qe3 h6 23. Rxd8+ Rxd8 24. Rxd8+ Bxd8 25. Bd3 Be7 26. g3 g6 27. Kg2 Kg7 28. Nd2 Nd5 29. Qe2 Bc5 30. Ne4 Bb6 31. Kh1 f5 32. Nd2 Kf6 33. c3 Qc5 34. Qe1 Qe3 35. Qxe3 Nxe3 36. Nb3 Nd1 37. a4 bxa4 38. Nd2 Nf2+ 39. Kg2 Nxd3 40. Nc4 Nxb2 41. Nxb6 a3 42. Nd5+ Ke6 43. Nb4 a5 44. Na2 Kd5 45. Kf2 Kc4 46. Ke2 Kb3 47. Nc1+ Kc2 48. Na2 Na4 49. c4 Nc3+ 0-1


[Site "https://www.chess.com"]

[Event "Titled Tuesday Blitz October 11 Early 2022"]
[White "Nakamura, Hikaru"]
[Black "Carlsen, Magnus"]
[WhiteFideId "2016192"]
[BlackFideId "1503014"]
[WhiteElo "2909"]
[BlackElo "2830"]
[Result "1-0"]
[Round "09"]
[TimeControl "180+1"]
[Date "2022.10.11"]
[WhiteClock "0:00:33"]
[BlackClock "0:00:03"]

1. a3 g5 2. e4 c5 3. d4 cxd4 4. Qxd4 Nf6 5. Bxg5 Nc6 6. Qd3 Qb6 7. Bc1 Ng4 8. Nh3 d6 9. Nc3 Nge5 10. Qb5 Qxb5 11. Bxb5 Bxh3 12. gxh3 a6 13. Be2 Nd4 14. Kd1 Nxe2 15. Nxe2 Rc8 16. b3 Rg8 17. Be3 b5 18. a4 b4 19. a5 e6 20. Ra2 Be7 21. Ng3 Kd7 22. Ke2 Bd8 23. Rd1 Rb8 24. f4 Nc6 25. Bc5 Bc7 26. Bxd6 Bxd6 27. e5 Kc7 28. exd6+ Kd7 29. Ne4 Rg2+ 30. Kf3 Rxh2 31. Nc5+ Ke8 32. Rg1 1-0


[Site "https://www.chess.com"]

[Event "Titled Tuesday Blitz October 11 Early 2022"]
[White "Namitbir Singh Walia"]
[Black "Luxama, Jacques Muller"]
[WhiteFideId "35071068"]
[BlackFideId "11900113"]
[WhiteElo "2239"]
[BlackElo "1931"]
[Result "1/2-1/2"]
[Round "09"]
[TimeControl "180+1"]
[Date "2022.10.12"]
[WhiteClock "0:00:04"]
[BlackClock "0:00:17"]

1. d4 Nf6 2. c4 g6 3. g3 Bg7 4. Bg2 O-O 5. Nf3 c6 6. Nc3 d6 7. O-O Bf5 8. Re1 Ne4 9. Nh4 Nxc3 10. bxc3 Be6 11. Rb1 Qc7 12. Qa4 Na6 13. Bf4 h6 14. Nf3 g5 15. Bc1 Bf5 16. e4 Bg6 17. Ba3 Rad8 18. Nd2 e5 19. Nb3 Rfe8 20. Na5 b5 21. cxb5 cxb5 22. Qxb5 Nb8 23. Nb7 a6 24. Qb6 Qxc3 25. Nxd8 Qxa3 26. Qxb8 Bf6 27. dxe5 Rxd8 28. Qb6 Be7 29. exd6 Rxd6 30. Qb8+ Kg7 31. Qb2+ Qxb2 32. Rxb2 Rd3 33. Bf1 Ra3 34. Re3 Ra4 35. Bg2 Bc5 36. Ree2 Bd4 37. Rb7 Rc4 38. Rb1 a5 39. Kf1 a4 40. f3 a3 41. Rd1 Bb2 42. Red2 Rc3 43. Rd3 Rc7 44. Ke2 f6 45. Rd7+ Rxd7 46. Rxd7+ Bf7 47. Kd2 Kf8 48. Rd8+ Ke7 49. Ra8 Bxa2 50. Bf1 Bf7 51. Kc2 Bd4 52. Ra4 a2 53. f4 a1=Q 54. Rxa1 Bxa1 55. fxg5 hxg5 56. h4 gxh4 57. gxh4 Bh5 58. Kd3 Be5 59. Bh3 Bg3 60. Kd4 Bxh4 61. e5 Bf2+ 62. Ke4 Bg6+ 63. Bf5 Bh5 64. exf6+ Kxf6 65. Bh3 Bh4 66. Kd5 Bf7+ 67. Kc6 Be8+ 68. Kb7 Bg6 69. Bg2 Be4+ 70. Bxe4 1/2-1/2


[Site "https://www.chess.com"]

[Event "Titled Tuesday Blitz October 11 Early 2022"]
[White "Omariev, Maksim"]
[Black "Jiganchine, Roman"]
[WhiteFideId "4193423"]
[BlackFideId "2603667"]
[WhiteElo "2426"]
[BlackElo "2301"]
[Result "0-1"]
[Round "09"]
[TimeControl "180+1"]
[Date "2022.10.12"]
[WhiteClock "0:00:01"]
[BlackClock "0:00:07"]

1. g4 d5 2. Bg2 c5 3. d4 Nc6 4. dxc5 Nf6 5. g5 Ne4 6. Bxe4 dxe4 7. Qxd8+ Nxd8 8. Nc3 e5 9. Nxe4 Ne6 10. Be3 Bd7 11. O-O-O Bc6 12. f3 Bxe4 13. fxe4 Bxc5 14. Bxc5 Nxc5 15. Rd5 Ne6 16. Rxe5 O-O 17. Nf3 Nf4 18. Rf5 Ng6 19. h4 Rfe8 20. h5 Nf8 21. Rh4 Nd7 22. Rhf4 Re7 23. Kd2 b6 24. b4 Rae8 25. Kd3 g6 26. hxg6 hxg6 27. Rd5 Kg7 28. a4 Nb8 29. e5 Nc6 30. Re4 a5 31. c3 axb4 32. cxb4 Ra8 33. Rc4 Nd8 34. a5 bxa5 35. Rxa5 Rb8 36. Kc3 Ne6 37. Rd5 Reb7 38. Rd6 Rb5 39. e3 Rh8 40. Rd7 Rh3 41. Nd4 Rxe3+ 42. Kd2 Rbxe5 43. Nxe6+ Rxe6 44. b5 R3e5 45. Rb4 Rb6 0-1


[Site "https://www.chess.com"]

[Event "Titled Tuesday Blitz October 11 Early 2022"]
[White "Orlov, Georgi"]
[Black "Halkias, Stelios"]
[WhiteFideId "2011271"]
[BlackFideId "4201809"]
[WhiteElo "2584"]
[BlackElo "2453"]
[Result "0-1"]
[Round "09"]
[TimeControl "180+1"]
[Date "2022.10.11"]
[WhiteClock "0:00:02"]
[BlackClock "0:00:20"]

1. d4 Nf6 2. Nf3 g6 3. c4 Bg7 4. Nc3 d6 5. e4 O-O 6. Be2 e5 7. dxe5 dxe5 8. Qxd8 Rxd8 9. Bg5 c6 10. Nxe5 Re8 11. f4 Na6 12. O-O Nc5 13. Bf3 h6 14. Bh4 g5 15. Bf2 Ncxe4 16. Nxe4 Nxe4 17. Bxe4 gxf4 18. Bxc6 bxc6 19. Nd3 Bf5 20. Nxf4 Bxb2 21. Rad1 Re4 22. Nd3 Bg7 23. Bc5 Bg6 24. Rc1 Rd8 25. Nf4 Rd2 26. Nxg6 fxg6 27. Rf2 Ree2 28. Bxa7 Rxa2 29. Rxe2 Rxe2 30. Bf2 Re4 31. Kf1 Be5 32. g3 Kf7 33. Kg2 Re2 34. Kf3 Rb2 35. Re1 Bf6 36. Re4 Rc2 37. Be3 Rxh2 38. Rf4 g5 39. Rf5 Kg6 40. Rc5 h5 41. Rxc6 g4+ 42. Ke4 Re2 43. Kd3 Re1 44. Kd2 Rf1 45. Bf4 Kf5 46. Rc5+ Ke4 47. Rxh5 Bd4 48. Rh2 Kf3 49. Kc2 Bf2 50. Rh8 Bxg3 51. Bxg3 Kxg3 52. c5 Rf5 53. Rc8 Kf2 0-1


[Site "https://www.chess.com"]

[Event "Titled Tuesday Blitz October 11 Early 2022"]
[White "Orzech, Dominik"]
[Black "Indjic, Aleksandar"]
[WhiteFideId "1115065"]
[BlackFideId "911925"]
[WhiteElo "2462"]
[BlackElo "2816"]
[Result "0-1"]
[Round "09"]
[TimeControl "180+1"]
[Date "2022.10.12"]
[WhiteClock "0:00:31"]
[BlackClock "0:01:01"]

1. Nf3 d5 2. c4 d4 3. g3 Nc6 4. Bg2 e5 5. O-O e4 6. Ne1 h5 7. h4 g5 8. hxg5 h4 9. Bxe4 hxg3 10. fxg3 Qxg5 11. Qb3 Qh5 12. Rf2 Ne5 13. Bf3 Ng4 14. Qb5+ Qxb5 15. cxb5 Nxf2 16. Kxf2 Nf6 17. d3 Ng4+ 18. Kg1 Bd6 19. Bf4 a6 20. bxa6 Rxa6 21. Nd2 Bxf4 22. gxf4 Rg6 23. Ng2 Ne3 24. Kf2 Nxg2 25. Bxg2 Rh2 26. Rg1 Bh3 27. Nf3 Rgxg2+ 28. Rxg2 Rxg2+ 29. Ke1 c5 30. b4 Bg4 31. Ne5 Rxe2+ 32. Kf1 Rxe5 33. fxe5 cxb4 0-1


[Site "https://www.chess.com"]

[Event "Titled Tuesday Blitz October 11 Early 2022"]
[White "Ovchinnikov, Vsevolod"]
[Black "Srihari L R"]
[WhiteFideId "24176842"]
[BlackFideId "46617116"]
[WhiteElo "2376"]
[BlackElo "2336"]
[Result "1/2-1/2"]
[Round "09"]
[TimeControl "180+1"]
[Date "2022.10.11"]
[WhiteClock "0:00:08"]
[BlackClock "0:00:09"]

1. d4 d5 2. c4 e6 3. Nf3 Nf6 4. g3 dxc4 5. Bg2 Bd7 6. Ne5 Bc6 7. Nxc6 Nxc6 8. e3 e5 9. O-O exd4 10. exd4 Be7 11. Qa4 O-O 12. Bxc6 bxc6 13. Qxc4 Qd7 14. Nd2 Rab8 15. Nb3 Rb5 16. Bd2 Rh5 17. f3 Bd6 18. Rf2 Qh3 19. Rg2 Re8 20. Re1 Rxe1+ 21. Bxe1 Qd7 22. Rc2 Rf5 23. Qxc6 Qxc6 24. Rxc6 Rxf3 25. Rc2 h5 26. Re2 Rd3 27. Rd2 Re3 28. Bf2 Re8 29. Kg2 Rb8 30. Rc2 Nd5 31. Kf3 Nb4 32. Re2 Nxa2 33. Na5 Nc1 34. Rc2 Nb3 35. Nc6 Re8 36. Be3 f6 37. Nxa7 g5 38. h3 g4+ 39. hxg4 hxg4+ 40. Kf2 Bxg3+ 41. Kxg3 Rxe3+ 42. Kxg4 Nxd4 43. Rxc7 Re4+ 44. Kg3 f5 45. Kf2 Re2+ 46. Kg3 Re4 47. Nc6 f4+ 48. Kh3 Ne6 49. Rc8+ Kf7 50. Kg4 Re2 51. Rb8 Rc2 52. Rb7+ Kf6 53. Rb6 Rg2+ 54. Kf3 Rg3+ 55. Kf2 Kf5 56. Ne7+ Kf6 57. Nc6 Ng5 58. Nd4+ Ke5 59. Ne2 Ne4+ 60. Ke1 Rf3 61. Rb5+ Kd6 62. Rb6+ Kc5 63. Re6 Kd5 64. Rb6 Re3 65. Rb5+ Kc6 66. Rf5 Rxe2+ 67. Kxe2 Ng3+ 68. Kf3 Nxf5 69. Kxf4 Nd4 70. Ke4 Nb5 71. Kd3 Kc5 72. Kc2 Kb4 73. b3 Nd4+ 74. Kb2 Nxb3 1/2-1/2


[Site "https://www.chess.com"]